 Dungeon Crawl Stone Soup version 0.25.1-2-g60ff931df9 (webtiles) character file.

Game seed: 14980847529556815022

161 Peloso the Covered (level 5, -2/47 HPs)
             Began as a Minotaur Fighter on Aug 25, 2020.
             Was an Initiate of Okawaru.
             Slain by an ogre
             ... wielding a +0 giant club
              (13 damage)
             ... on level 4 of the Dungeon.
             The game lasted 00:05:56 (2867 turns).

Peloso the Covered (Minotaur Fighter)               Turns: 2867, Time: 00:05:56

Health: -2/47      AC:  7    Str: 20    XL:     5   Next: 18%
Magic:  4/4        EV:  7    Int:  5    God:    Okawaru [......]
Gold:   177        SH: 14    Dex: 11    Spells: 4/4 levels left

rFire    . . .     SeeInvis .   a - +0 long sword
rCold    + . .     Gourm    .   c - +0 kite shield
rNeg     . . .     Faith    .   i - +0 scale mail
rPois    .         Spirit   .   (helmet restricted)
rElec    .         Reflect  +   (no cloak)
rCorr    .         Harm     .   (no gloves)
MR       .....                  (no boots)
Stlth    ..........             b - amulet of reflection
HPRegen  0.15/turn              e - ring of protection from cold
MPRegen  0.09/turn              (no ring)

@: no status effects
A: retaliatory headbutt, horns 2
a: Renounce Religion


You were on level 4 of the Dungeon.
You worshipped Okawaru.
Okawaru was noncommittal.
You were not hungry.

You visited 1 branch of the dungeon, and saw 4 of its levels.

You collected 177 gold pieces.

Inventory:

Hand Weapons
 a - a +0 long sword (weapon)
Missiles
 j - 47 bolts
Armour
 c - a +0 kite shield (worn)
 i - a +0 scale mail (worn)
Jewellery
 b - an amulet of reflection (around neck)
 e - a ring of protection from cold (left hand)
 s - an uncursed amulet of the acrobat
Wands
 r - a wand of paralysis (6)
Scrolls
 g - a scroll of enchant armour {unknown}
 k - a scroll of magic mapping {unknown}
 n - 2 scrolls of teleportation {unknown}
 o - 2 scrolls of identify {unknown}
Potions
 d - a potion of might
 h - 2 potions of flight {unknown}
 l - 5 potions of curing {unknown}
 m - a potion of berserk rage {unknown}
 q - a potion of haste {unknown}
Comestibles
 f - 5 rations
 p - 3 chunks of flesh


   Skills:
 + Level 4.5 Fighting
 + Level 4.1 Long Blades
 + Level 4.8 Armour
 + Level 0.2 Dodging
 + Level 4.6 Shields


You had 4 spell levels left.
You didn't know any spells.
Your spell library was empty.

Dungeon Overview and Level Annotations

Branches:
Dungeon (4/15)
 Temple: D:4-7

Altars:
Okawaru


Innate Abilities, Weirdness & Mutations

You reflexively headbutt those who attack you in melee.
You have a pair of horns on your head.


Message History

The ogre shouts!
A frilled lizard comes into view.
You barely miss the phantom.
The phantom is moderately damaged.
The phantom hits you but does no damage.
The ogre hits you with a +0 giant club!
Unknown command.
The phantom blinks!
The phantom barely misses you. You furiously retaliate!
You headbutt the phantom, but do no damage.
You closely miss the phantom.
The phantom is moderately damaged.
You block the phantom's attack.
The ogre hits you with a +0 giant club!!
* * * LOW HITPOINT WARNING * * *
Your shield and scale mail prevent you from hitting the phantom.
Your headbutt misses the phantom.
The phantom is moderately damaged.
The phantom blinks!
The ogre hits you with a +0 giant club!
You die...

###.# #.... ..# ##+## #.#.#
#.# ##...## #.#.###.#
##.....## #.#.#...#
##.......## #.......###
####......l..####.........##
..........O@W'..............
.............####.[.......##
###.#.......## ##.#....####
# ##.....## ###....# #
##.).## #.#### # ##+## #.# #
#.# # #.# # #.#


You could see a phantom, an ogre and a frilled lizard.

Vanquished Creatures
  4 gnolls (D:3)
  3 adders (D:3)
  An ooze (D:3)
  A worm (D:2)
  4 dart slugs
  2 leopard geckos
  4 orcs
  7 giant cockroaches
  7 goblins
  8 hobgoblins
  4 jackals (D:3)
  A quokka (D:3)
  A ball python (D:3)
  7 bats
  7 frilled lizards
  6 kobolds
  9 rats
76 creatures vanquished.

Notes
Turn   | Place    | Note
-------+----------+-------------------------------------------
     0 | D:1      | Peloso the Minotaur Fighter began the quest for the Orb.
     0 | D:1      | Reached XP level 1. HP: 19/19 MP: 0/0
    71 | D:1      | Reached XP level 2. HP: 27/27 MP: 1/1
   620 | D:1      | Reached XP level 3. HP: 33/33 MP: 2/2
  1328 | D:2      | Found an iron altar of Okawaru.
  1345 | D:2      | Became a worshipper of Warmaster Okawaru
  1653 | D:3      | Reached XP level 4. HP: 30/41 MP: 3/3
  1931 | D:3      | Found an iron altar of Okawaru.
  2330 | D:3      | Reached XP level 5. HP: 47/47 MP: 4/4
  2849 | D:4      | Noticed a phantom
  2858 | D:4      | Noticed an ogre
  2867 | D:4      | Slain by an ogre

Illustrated notes

Levels and vault maps discovered:
D:1:      onia_arrival_pyramid, layout_basic
D:2:      layout_loops_ring, okawaru_ov_weapons_minmay
D:3:      layout_loops_ring, kennysheep_flooded_box
D:4:      layout_loops_corners

Skill      XL: |  1  2  3  4 |
---------------+-------------+-----
Fighting       | 4 |  4.5
Shields        | 4 |  4.6
Long Blades    | 3 4 |  4.1
Armour         | 4 |  4.8
Dodging        | |  0.2

Action                   |  1- 3 |  4- 6 || total
-------------------------+-------+-------++-------
Melee: Long sword        |   109 |    74 ||   183
       Headbutt          |    14 |    16 ||    30
  Use: Scroll            |     1 |       ||     1
  Eat: Chunk             |     2 |     4 ||     6
Armor: Scale mail        |    38 |    27 ||    65
Dodge: Dodged            |    35 |    26 ||    61
Block: Kite shield       |    71 |    38 ||   109
       Rpst.: Long sword |    16 |     9 ||    25
